 Dungeon Crawl Stone Soup version 0.16-a0-3496-g6490362 (webtiles) character file.

230 Kemay the Insei (level 5, -18/41 HPs)
             Began as a Draconian Transmuter on Jan 5, 2015.
             Demolished by an ogre
             ... wielding a +0 giant club
              (24 damage)
             ... on level 3 of the Dungeon.
             The game lasted 00:08:11 (2592 turns).

Kemay the Insei (Draconian Transmuter)              Turns: 2592, Time: 00:08:11

Health: -18/41     AC:  5    Str: 12    XL:     5   Next: 72%
Magic:  8/9        EV: 12    Int: 14    God:
Gold:   147        SH:  0    Dex: 12    Spells: 2 memorised, 3 levels left

rFire  . . .     SeeInvis .       - Unarmed
rCold  . . .     Clarity  .     (armour unavailable)
rNeg   . . .     SustAb   .     (no shield)
rPois  .         Gourm    .     (helmet restricted)
rElec  .         Spirit   .     (no cloak)
rCorr  .         Warding  .     (no gloves)
rMut   .         Stasis   .     (no boots)
MR     .....                    (no amulet)
Stlth  +.........               (no ring)
                                (no ring)

@: very slightly contaminated, not resistant to hostile enchantments, very
unstealthy
A: unfitting armour, cold-blooded, AC +5
a: no special abilities


You were on level 3 of the Dungeon.
You were not hungry.

You visited 1 branch of the dungeon, and saw 3 of its levels.

You collected 147 gold pieces.

Inventory:

Jewellery
 e - an uncursed ring of ice
Magical devices
 j - a wand of heal wounds (0)
 p - a wand of digging (14)
Scrolls
 c - a scroll of magic mapping
 l - a scroll of remove curse
Potions
 b - a potion of resistance
 f - 3 potions of curing
 g - a potion of haste
 k - 2 potions of cancellation {unknown}
 m - a potion of invisibility {unknown}
 n - 2 potions of agility {unknown}
 q - a potion of magic {unknown}
 r - a potion of mutation {unknown}
 s - a potion of cure mutation {unknown}
Books
 d - a book of Changes

   Spells                             Type                      Level
   a - Beastly Appendage              Transmutation                1
   b - Sticks to Snakes               Transmutation                2
   c - Spider Form                    Transmutation/Poison         3
   d - Ice Form                       Ice/Transmutation            4
   e - Blade Hands                    Transmutation                5
Comestibles
 a - 3 bread rations
 h - a beef jerky
 i - 6 chunks of flesh
 o - a slice of pizza


   Skills:
 - Level 2.0 Fighting
 - Level 1.7 Dodging
 - Level 5.3 Unarmed Combat
 - Level 2.0 Spellcasting
 + Level 3.1 Transmutations
 + Level 1.9 Ice Magic


You had 3 spell levels left.
You knew the following spells:

 Your Spells              Type           Power        Failure   Level  Hunger
a - Beastly Appendage     Trmt           ##....       10%         1    ##.....
b - Ice Form              Ice/Trmt       #.......     82%         4    #####..


Dungeon Overview and Level Annotations

Branches:
Dungeon (3/15)

Altars:
Fedhas


Innate Abilities, Weirdness & Mutations

Your plain brown scales are hard (AC +5).
Your body does not fit into most forms of armour.
Your cold-blooded metabolism reacts poorly to cold.


Message History

The ogre is moderately wounded.
The ogre completely misses you.
You hit the ogre.
The ogre is moderately wounded.
The ogre barely misses you.
You barely miss the ogre.
The ogre is moderately wounded.
The ogre barely misses you.
You hit the ogre.
The ogre is heavily wounded.
You punch the ogre!
The ogre is almost dead.
The ogre hits you with a giant club!!
Ouch! That really hurt!
* * * LOW HITPOINT WARNING * * *
You hit the ogre.
The ogre is almost dead.
The ogre hits you with a giant club!!
Ouch! That really hurt!
You die...

#### #..######.# ...# ########..#
#.# ##.# #....())..######.# #.# #
#.######.###...... ##.######.#
#.######.###.###.# ....<.#...#
#..........#.# #.# ..........#
#.##.......#.###.# ...##.#...#
#.##8.....8#.....# #####.# ..#
#@##.......#.##.## #...#
.......O.##8.....8#.#...# #.###
#.#########.......#.(.... #.# #.#
#8.....8#..[... ##.#####.#
#.......#......
#........#########8.....8#......
#..####...##.....#.......#......
#..####.#.##.#.#ยง###########...#
#..##.....)..#.#.# #..##


You could see an ogre.

Vanquished Creatures
  An ogre (D:3)
  Natasha (thrice) (D:3)
  Ijyb (D:2)
  Jessica (D:3)
  2 worms (D:2)
  4 oozes
  5 orcs (D:3)
  2 ball pythons
  7 bats
  A giant cockroach (D:1)
  10 hobgoblins
  2 jackals (D:2)
  3 kobolds
  4 giant newts
  13 goblins
  A rat (D:3)
60 creatures vanquished.

Notes
Turn   | Place    | Note
--------------------------------------------------------------
     0 | D:1      | Kemay, the Draconian Transmuter, began the quest for the Orb.
     0 | D:1      | Reached XP level 1. HP: 16/16 MP: 3/3
     0 | D:1      | Noticed a troll skeleton
     3 | D:1      | Noticed a dwarf
     7 | D:1      | Noticed a centaur skeleton
     8 | D:1      | Noticed a troll skeleton
    10 | D:1      | Noticed a spriggan
    12 | D:1      | Noticed a draconian skeleton
    14 | D:1      | Noticed an elf skeleton
    14 | D:1      | Noticed a spriggan skeleton
    16 | D:1      | Noticed a human
    16 | D:1      | Noticed a naga
    18 | D:1      | Noticed an elf
   171 | D:1      | Reached XP level 2. HP: 22/24 MP: 4/4
  1096 | D:2      | Reached skill level 4 in Unarmed Combat
  1096 | D:2      | Reached XP level 3. HP: 13/29 MP: 4/6
  1334 | D:2      | Noticed Ijyb
  1346 | D:2      | Killed Ijyb
  1535 | D:2      | Reached XP level 4. HP: 36/36 MP: 5/7
  1641 | D:3      | Noticed Jessica
  1671 | D:3      | Killed Jessica
  1781 | D:3      | Noticed Natasha
  1834 | D:3      | Killed Natasha
  1834 | D:3      | Reached skill level 5 in Unarmed Combat
  2137 | D:3      | Noticed Natasha
  2143 | D:3      | Killed Natasha
  2150 | D:3      | Learned a level 4 spell: Ice Form
  2211 | D:3      | Found a blossoming altar of Fedhas.
  2238 | D:3      | Reached XP level 5. HP: 41/41 MP: 9/9
  2258 | D:3      | Noticed an ogre
  2264 | D:3      | Killed an ogre
  2264 | D:3      | Reached skill level 1 in Ice Magic
  2390 | D:3      | Noticed Natasha
  2393 | D:3      | Killed Natasha
  2582 | D:3      | Noticed an ogre
  2592 | D:3      | Demolished by an ogre

Action                   |  1- 3 |  4- 6 || total
-------------------------+-------+-------++-------
Melee: Unarmed           |   124 |   108 ||   232
 Cast: Beastly Appendage |     6 |     8 ||    14
  Use: Scroll            |     7 |       ||     7
  Eat: Chunk             |     2 |     4 ||     6
